 Dungeon Crawl Stone Soup version 0.32-a0-932-g5467873 (webtiles) character file.

Game seed: 7641568870293221455

3602 seeu12 the Fighter (level 10, -2/56 HPs)
             Began as a Vine Stalker Shapeshifter on Apr 14, 2024.
             Was a Believer of Okawaru.
             Slain by a sixfirhy (8 damage)
             ... summoned by a kobold demonologist
             ... in a bailey.
             The game lasted 00:11:46 (5423 turns).

seeu12 the Fighter (Vine Stalker Shapeshifter)      Turns: 5423, Time: 00:11:47

Health: -2/56      AC:  4    Str: 21    XL:     10   Next: 10%
Magic:  0/13       EV: 18    Int: 10    God:    Okawaru [**....]
Gold:   127        SH:  5    Dex: 14    Spells: 9/9 levels left

rFire   . .          .
                       - Unarmed
rCold   . . .        (shield currently unavailable)
rNeg    + . .        h - melded +0 plate armour
rPois   .            A - +1 hat
rElec   .            x - +0 cloak
rCorr   +            r - +1 Delatra's gloves {ID++}
SInv    .            (no boots)
Will    +....        q - amulet of reflection
Stlth   +            k - ring of positive energy
HPRegen 1.09/turn    z - ring of resist corrosion
MPRegen 0.13/turn

%: reflection, guardian spirit
@: flux-form, heroic, glowing
A: glow, contaminating, fangs 3, regeneration 1, magic shield, antimagic bite,
no potion heal 2
a: Begin Untransformation, Renounce Religion, Heroism


You were in a bailey.
You worshipped Okawaru.
Okawaru was pleased with you.
You were something dangerously unstable.
You visited 2 branches of the dungeon, and saw 8 of its levels.
You also visited: Bailey.

You collected 386 gold pieces.
You spent 259 gold pieces at shops.

Inventory:

Missiles
 i - a throwing net
 I - 6 boomerangs (quivered)
Armour
 h - a +0 plate armour (melded)
 r - the +1 Delatra's gloves (worn) {ID++}
   (You found it on level 3 of the Dungeon)

   ID++:      It heals its wearer when they drink unknown potions, and restores
   their MP when they read unknown scrolls.
 x - a +0 cloak (worn)
 A - a +1 hat (worn)
Jewellery
 g - a ring of fire
 k - a ring of positive energy (left hand)
 q - an amulet of reflection (around neck)
 s - a +6 ring of intelligence
 z - a ring of resist corrosion (right hand)
Talismans
 c - a beast talisman
 d - a flux talisman (active)
 t - a blade talisman
Wands
 m - a wand of acid (7)
 E - a wand of polymorph (4)
 F - a wand of roots (5)
Scrolls
 e - a scroll of fog
 f - 6 scrolls of teleportation
 j - a scroll of poison {unknown}
 p - 2 scrolls of revelation
 y - 2 scrolls of vulnerability {unknown}
 D - a scroll of summoning {unknown}
 G - a scroll of enchant weapon {unknown}
 H - a scroll of immolation {unknown}
 J - a scroll of acquirement
Potions
 a - a potion of degeneration {unknown}
 b - a potion of lignification
 l - 2 potions of mutation
 n - 2 potions of invisibility {unknown}
 o - 5 potions of curing
 u - a potion of ambrosia
 v - a potion of heal wounds {unknown}
 w - a potion of brilliance
 B - 2 potions of berserk rage {unknown}
 C - 2 potions of might


   Skills:
 + Level 8.3(13.3) Fighting
 - Level 1.5(6.5) Dodging
 + Level 7.5(12.5) Unarmed Combat
 * Level 3.6 Invocations
 + Level 7.6 Shapeshifting


You had 9 spell levels left.
You didn't know any spells.
Your spell library contained the following spells:

 Spells                   Type           Power      Damage    Failure   Level
 Blink                    Tloc           0%         N/A       50%         2
 Lesser Beckoning         Tloc           0%         N/A       50%         2
 Momentum Strike          Conj/Tloc      0%         3d8       50%         2
 Frozen Ramparts          Ice            0%         1d1       75%         3
 Inner Flame              Hex/Fire       0%         N/A       75%         3
 Ozocubu's Armour         Ice            0%         N/A       75%         3
 Irradiate                Conj/Alch      0%         3d11      100%        5
 Metabolic Englaciation   Hex/Ice        0%         N/A       100%        5
 Dispersal                Tloc           0%         N/A       100%        6
 Gell's Gavotte           Tloc           0%         2d(11-16) 100%        6
 Manifold Assault         Tloc           0%         N/A       100%        7
 Disjunction              Tloc           0%         N/A       100%        8
 Ignition                 Fire           0%         3d3       100%        8


Dungeon Overview and Level Annotations

Branches:
Dungeon (7/15)             Temple (1/1) D:6          Bailey (1/1)

Altars:
Ashenzari
Cheibriados
Dithmenos
Gozag
Hepliaklqana
Makhleb
Nemelex Xobeh
Okawaru
Ru
Sif Muna
Trog
Uskayaw
Vehumet
Wu Jian
Xom
Yredelemnul
Zin
The Shining One
Lugonu

Shops:
D:2 *   D:3 *[?:   D:4 *   D:5 ?

Portals:
Abyss: D:5

Annotations:
D:4 2 transporters, Girthnturf's ghost, amateur DsGl
D:5 1 runed translucent door, phantasmist's ghost, novice CoGl


Innate Abilities, Weirdness & Mutations

You are something dangerously unstable.
You glow with magical radiation, making you easy to see and hit.
Foes you strike become dangerously contaminated with magical radiation.
You are incapable of wielding weapons or throwing items.
You have razor-sharp teeth.
Your natural rate of healing is unusually fast.
When hurt, damage is shared between your health and your magic reserves.
Your bite disrupts and absorbs the magic of your enemies.
Potions cannot restore your health.


Message History

You block the gnoll's attack. The gnoll attacks as it pursues you!
You block the gnoll's attack.
The kobold demonologist casts a cantrip, but nothing happens.
The kobold demonologist mumbles some strange words.
The gnoll attacks as it pursues you! The gnoll barely misses you.
The gnoll attacks as it pursues you! The gnoll closely misses you.
The kobold demonologist mumbles some strange words.
The kobold demonologist casts a spell.
The sixfirhy barely misses you.
The sixfirhy hits you but does no damage.
You gain the combat prowess of a mighty hero.
The sixfirhy hits you. The sixfirhy shocks you!
You punch the sixfirhy!
The sixfirhy begins to glow.
The sixfirhy is heavily wounded.
The sixfirhy closely misses you. The sixfirhy hits you!
The sixfirhy shocks you!
The sixfirhy hits you but does no damage.
You closely miss the sixfirhy.
The sixfirhy is moderately wounded.
The sixfirhy barely misses you. x2; You block the sixfirhy's attack.
You closely miss the sixfirhy.
You bite the sixfirhy, but do no damage.
The sixfirhy is moderately wounded.
You punch the sixfirhy!
The sixfirhy glows dangerously bright.
You bite the sixfirhy. You drain its power.
The sixfirhy is almost dead.
You barely miss the sixfirhy.
The sixfirhy is severely wounded.
The gnoll splashes around in the water.
You closely miss the sixfirhy. You bite the sixfirhy. You drain its power.
The sixfirhy is severely wounded.
The sixfirhy misses you. You block the sixfirhy's attack.
You barely miss the sixfirhy. You bite the sixfirhy. You drain its power.
The sixfirhy is severely wounded.
The sixfirhy hits you! The sixfirhy shocks you!
* * * LOW HITPOINT WARNING * * *
The sixfirhy hits you.
* * * LOW HITPOINT WARNING * * *
The sixfirhy shocks you!
You die...

#≈≈≈≈≈#.##############..
#≈≈≈≈≈~.#[['.# #..
#≈≈≈≈≈~.#[[# #..
#≈≈≈≈≈~.#..# ###
#≈≈≈≈≈~)######### . #.
#≈≈≈≈≈~.#..ß.ßo.#.... #.
#≈≈≈≈≈~5g..55gg.'54.. #.
#≈≈≈≈≈g3#..ß.ßK5#K... #.
#≈≈≈≈≈~p######### . #.
#≈≈≈≈≈~.#..# ###
#≈≈≈≈≈~.#))# #..
#≈≈≈≈≈~.#))'. #..
#≈≈≈≈≈#.##############..
#≈≈≈≈≈#....#.)..)).ß.ß.ß
#≈≈≈≈≈#....'....)#).....
#≈≈≈≈≈#+#..#############
#≈≈≈≈ #..'........


You could see a sixfirhy (summoned, heavy contam), 2 gnolls and a white imp
(summoned).

Vanquished Creatures
  Jeremiah (D:6)
  Edmund (D:4)
  A water moccasin (D:5)
  12 orc warriors
  A black bear (D:6)
  An ogre (D:5)
  3 phantoms
  2 kobold brigands
  A scorpion (D:6)
  3 wights
  6 killer bees (D:5)
  2 electric eels (Bailey)
  A howler monkey (D:5)
  2 bombardier beetles (D:5)
  6 hounds
  A jelly (D:4)
  2 orc priests (D:5)
  2 gnoll boudas (D:5)
  2 sleepcaps
  3 iguanas
  3 orc wizards
  14 gnolls
  4 adders
  A ribbon worm (D:3)
  18 orcs
  6 ball pythons
  8 endoplasms
  6 giant cockroaches
  14 goblins
  10 hobgoblins
  6 jackals (D:3)
  4 quokkas
  4 bats
  12 kobolds
  A rat (D:1)
164 creatures vanquished.

Vanquished Creatures (others)
  An orc (D:6)
  A lurking horror (D:5)
2 creatures vanquished.

Grand Total: 166 creatures vanquished

Notes
Turn   | Place    | Note
-------+----------+-------------------------------------------
     0 | D:1      | seeu12 the Vine Stalker Shapeshifter began the quest for
                  | the Orb.
     0 | D:1      | Reached XP level 1. HP: 9/9 MP: 2/2
    31 | D:1      | Reached skill level 1 in Fighting
   117 | D:1      | Reached XP level 2. HP: 14/14 MP: 3/3
   809 | D:2      | Reached XP level 3. HP: 18/18 MP: 4/4
   824 | D:2      | Found Tix Xuus's Assorted Antiques.
   833 | D:2      | Bought a scroll labelled YSMUWU HEATEW for 23 gold pieces
   833 | D:2      | Bought a purple potion for 20 gold pieces
  1054 | D:3      | Found the +1 Delatra's gloves {ID++}
  1061 | D:3      | Found Zoduvvuimm's General Store.
  1062 | D:3      | Found Xurresk's Antique Armour Emporium.
  1101 | D:3      | Bought a scroll of blinking for 90 gold pieces
  1101 | D:3      | Bought a scroll of teleportation for 36 gold pieces
  1142 | D:3      | Reached skill level 2 in Fighting
  1281 | D:3      | Found a shimmering blue altar of Sif Muna.
  1394 | D:3      | Reached XP level 4. HP: 18/23 MP: 2/5
  1511 | D:4      | Found Jigok's Assorted Antiques.
  1511 | D:4      | Noticed a phantom
  1545 | D:4      | Killed a phantom
  1546 | D:4      | Reached skill level 3 in Fighting
  1546 | D:4      | Reached XP level 5. HP: 26/28 MP: 3/6
  1578 | D:4      | Noticed Edmund
  1629 | D:4      | Killed Edmund
  1630 | D:4      | Reached skill level 4 in Fighting
  1630 | D:4      | Reached XP level 6. HP: 12/33 MP: 3/7
  1887 | D:3      | Found Dirgh's Book Shoppe.
  2014 | D:3      | Found Usull's Magic Scroll Shoppe.
  2269 | D:4      | Found a transporter.
  2280 | D:4      | Noticed Girthnturf's ghost (amateur DsGl)
  2281 | D:4      | Found a transporter.
  2311 | D:4      | Found a glowing golden altar of the Shining One.
  2362 | D:4      | Reached XP level 7. HP: 34/38 MP: 6/8
  2416 | D:4      | Found a sparkling altar of Nemelex Xobeh.
  2572 | D:4      | Found a snail-covered altar of Cheibriados.
  2572 | D:4      | Found a basalt altar of Yredelemnul.
  2572 | D:4      | Found an opulent altar of Gozag.
  2600 | D:5      | Entered Level 5 of the Dungeon
  2710 | D:5      | Found a sacrificial altar of Ru.
  2719 | D:5      | Noticed phantasmist's ghost (novice CoGl)
  2720 | D:5      | Found a runed translucent door.
  2851 | D:5      | Found a hide-covered altar of Uskayaw.
  2906 | D:5      | HP: 1/38 [burnt (5)]
  2962 | D:5      | Reached skill level 5 in Fighting
  3016 | D:5      | Found Oggint's Magic Scroll Boutique.
  3031 | D:5      | Bought a scroll of blinking for 90 gold pieces
  3037 | D:5      | Reached skill level 5 in Unarmed Combat
  3117 | D:5      | Found a shadowy altar of Dithmenos.
  3203 | D:5      | Found a burning altar of Makhleb.
  3322 | D:5      | Found a corrupted altar of Lugonu.
  3322 | D:5      | Found a one-way gate to the infinite horrors of the Abyss.
  3478 | D:5      | Reached skill level 5 in Shapeshifting
  3478 | D:5      | Gained mutation: You have razor-sharp teeth. [Vine Stalker
                  | growth]
  3478 | D:5      | Reached XP level 8. HP: 20/43 MP: 7/9
  3523 | D:6      | Reached skill level 6 in Fighting
  3588 | D:6      | Found a staircase to the Ecumenical Temple.
  3602 | Temple   | Entered the Ecumenical Temple
  3619 | Temple   | Became a worshipper of Warmaster Okawaru
  3884 | D:5      | Reached skill level 7 in Fighting
  3943 | D:5      | Reached XP level 9. HP: 46/50 MP: 8/10
  4148 | D:5      | Reached * piety under Okawaru
  4316 | D:6      | Noticed Jeremiah
  4335 | D:6      | Killed Jeremiah
  4817 | D:7      | Found a flagged portal.
  4840 | Bailey   | Entered a bailey
  4978 | Bailey   | Reached skill level 8 in Fighting
  4978 | Bailey   | Reached skill level 1 in Invocations
  5031 | Bailey   | Reached ** piety under Okawaru
  5093 | Bailey   | Reached XP level 10. HP: 56/56 MP: 13/13
  5405 | Bailey   | Found an iron altar of Okawaru.
  5405 | Bailey   | Noticed a kobold demonologist
  5406 | Bailey   | Noticed a kobold demonologist
  5407 | Bailey   | Noticed a rust devil
  5412 | Bailey   | Noticed a sixfirhy
  5423 | Bailey   | Slain by a sixfirhy

Illustrated notes

Levels and vault maps discovered:
D:1:      zaba_arrival_water, layout_loops_ring
D:2:      layout_rooms, serial_shops, shop
D:3:      layout_basic, lemuel_blue_sif_altar, serial_shops, shop, shop_coins,
          shop, nicolae_square_shop
D:4:      layout_cave_pools, mainiacjoe_overflow_alcove_2,
          nemelex_diamond_rough_becter, gammafunk_temple_overflow_claw,
          serial_shops, nicolae_shop_rolling_square, gammafunk_ghost_smash,
          uniq_edmund
D:5:      layout_rooms, nicolae_ru_awakened_eye, eat_drink_and_be_merry_uskayaw,
          mainiacjoe_overflow_brackets, grunt_dithmenos_shadows,
          hellmonk_ghost_happy_afterlife, serial_shops,
          nicolae_shop_tiny_waterfront, amcnicky_altar_lugonu_corruption
D:6:      layout_cave_pools, minmay_temple_entry_nine_rooms, uniq_jeremiah
D:7:      layout_gridville, elyvilon_altar_4, overflow_temple_1_default,
          enter_bailey_5, uniq_maurice, uniq_menkaure
Temple:   nicolae_temple_ecumenical_triangle
Bailey:   bailey_axe_of_yendor_kennysheep, bailey

Skill      XL: |  1  2  3  4  5  6  7  8  9 |
---------------+----------------------------+-----
Fighting       | 1 2 3 4 5 7 8 |  8.3
Unarmed Combat | 4 5 6 7 |  7.5
Shapeshifting  | 4 5 7 |  7.6
Invocations    | 3 |  3.6
Dodging        | |  1.5

Action                     |  1- 3 |  4- 6 |  7- 9 | 10-12 || total
---------------------------+-------+-------+-------+-------++-------
  Melee: Unarmed           |    84 |   136 |   405 |    34 ||   659
         Bite              |    13 |    39 |   116 |    16 ||   184
         Punch             |     3 |     2 |    11 |     2 ||    18
  Throw: Throwing net      |       |     3 |       |       ||     3
         Stone             |       |     6 |       |       ||     6
         Boomerang         |       |       |       |     5 ||     5
 Invoke: Heroism           |       |       |     2 |     1 ||     3
    Use: Potion            |       |     1 |     1 |       ||     2
         Scroll            |       |       |     8 |       ||     8
 Armour: Animal skin       |    14 |       |       |       ||    14
         Plate armour      |    47 |   113 |   352 |    15 ||   527
         Skin              |       |       |    84 |     8 ||    92
  Dodge: Dodged            |    34 |    38 |    94 |    12 ||   178
  Block: Other             |     5 |    31 |    85 |    11 ||   132
         Reflection        |       |       |     1 |       ||     1
         Form:             |     1 |       |       |     1 ||     2
         Flux              |       |       |       |     2 ||     2

Table legend: (Time is in decaauts)
 A = Elapsed time spent in this place.
 B = Non-inter-level travel time spent in this place.
 C = Inter-level travel time spent in this place.
 D = Time resting spent in this place.
 E = Time spent auto-exploring this place.
 F = Levels seen in this place.
 G = Mean time per level.
                   A        B        C        D        E       F      G
               +--------+--------+--------+--------+--------+-----+--------+
         Total |   5373 |   5049 |    324 |    447 |   3231 |   9 |  597.0 |
       Dungeon |   4774 |   4462 |    312 |    286 |   3064 |   7 |  682.0 |
        Temple |     30 |     18 |     12 |      0 |      0 |   1 |   30.0 |
        Bailey |    568 |    568 |      0 |    161 |    167 |   1 |  568.0 |
               +--------+--------+--------+--------+--------+-----+--------+

Top non-repeatable levels by time:
     D:5: 1322 daAuts
     D:4: 801 daAuts
     D:3: 778 daAuts
     D:1: 743 daAuts
     D:6: 586 daAuts
  Bailey: 568 daAuts
     D:2: 305 daAuts
     D:7: 237 daAuts
  Temple: 30 daAuts
